 Dungeon Crawl Stone Soup version 0.23-a0-677-g07611c5 (webtiles) character file.

2297 Blackhawk the Skirmisher (level 9, -3/71 HPs)
             Began as a Formicid Abyssal Knight on Jan 9, 2019.
             Was a Priest of Lugonu.
             Slain by a killer bee (7 damage)
             ... on level 7 of the Dungeon.
             The game lasted 00:12:24 (8713 turns).

Blackhawk the Skirmisher (Formicid Abyssal Knight)  Turns: 8713, Time: 00:12:25

Health: -3/71      AC: 19    Str: 19    XL:     9   Next: 67%
Magic:  14/14      EV:  7    Int: 13    God:    Lugonu [***...]
Gold:   322        SH:  0    Dex: 10    Spells: 8/8 levels left

rFire    + . .     SeeInvis +   m - +2 battleaxe (freeze)
rCold    + . .     Gourm    .   (no shield)
rNeg     . . .     Faith    .   h - +2 plate armour
rPois    .         Spirit   .   (helmet unavailable)
rElec    .         Reflect  .   v - +2 cloak
rCorr    .         Harm     .   (no gloves)
MR       .....                  y - +0 pair of boots
Stlth    ..........             (no amulet)
HPRegen  0.21/turn              z - ring of protection from cold
MPRegen  0.14/turn              t - ring of protection from fire

@: no status effects
A: permanent stasis, dig shafts and tunnels, four strong arms, antennae 3
a: Dig, Shaft Self, Depart the Abyss, Bend Space, Banish, Renounce Religion


You were on level 7 of the Dungeon.
You worshipped Lugonu.
Lugonu was most pleased with you.
You were hungry.

You visited 1 branch of the dungeon, and saw 7 of its levels.
You visited the Abyss 1 time.

You collected 322 gold pieces.

Inventory:

Hand Weapons
 m - a +2 battleaxe of freezing (weapon)
 n - a +0 battleaxe
Armour
 h - a +2 plate armour (worn)
 v - a +2 cloak (worn)
 y - a +0 pair of boots (worn)
Jewellery
 b - a cursed ring of teleportation {unknown}
 p - an uncursed amulet of magic regeneration
 t - a ring of protection from fire (right hand)
 z - a ring of protection from cold (left hand)
Wands
 a - a wand of disintegration (6)
 d - a wand of random effects (12)
Scrolls
 s - 4 scrolls of remove curse
 u - a scroll of fear
 x - a scroll of amnesia
 A - a scroll of identify
Potions
 e - a potion of magic
 f - a potion of might
 g - 2 potions of brilliance
 j - a potion of ambrosia
 k - 5 potions of curing
 l - 2 potions of flight
 q - 2 potions of resistance {unknown}
Comestibles
 c - 12 rations


   Skills:
 + Level 6.8 Fighting
 + Level 5.8 Axes
 + Level 6.3 Armour
 + Level 4.9 Dodging
 + Level 6.8 Invocations


You had 8 spell levels left.
You didn't know any spells.
Your spell library was empty.

Dungeon Overview and Level Annotations

Branches:
Dungeon (7/15)             Temple (0/1) D:7

Altars:
Dithmenos
Fedhas
Kikubaaqudgha
Xom
The Shining One

Shops:
D:4 *

Annotations:
D:4 1 runed door, TheGoonsmith's ghost, amateur DsGl


Innate Abilities, Weirdness & Mutations

You cannot be hasted, slowed, berserked, paralysed or teleported.
You can dig through walls and to a lower floor.
Your four strong arms can wield two-handed weapons with a shield.
You have a pair of large antennae on your head. (SInv)


Message History

You kill the killer bee!
Lugonu accepts your kill. The killer bee barely misses you. x2
Your plate armour prevents you from hitting the killer bee.
The killer bee barely misses you.
The killer bee stings you but does no damage.
The killer bee stings you.
* * * LOW HITPOINT WARNING * * *
You closely miss the killer bee. The killer bee closely misses you.
The killer bee barely misses you. x2
You slash the killer bee! You freeze the killer bee.
The killer bee is heavily wounded.
The killer bee stings you.
* * * LOW HITPOINT WARNING * * *
The killer bee stings you but does no damage.
The killer bee barely misses you.
You miss the killer bee.
The killer bee is heavily wounded.
The killer bee closely misses you. The killer bee stings you!
You die...

..###.##..#### ..# #.....#
.# #.# ####.## .# #+## #.#
.# ...## #.# .# ....##
#.####### .# #
.....###.......# .##.#..
......##.....#.####.......
......')........@y........
......###......########...
.....## ###..### ....##
##.### ...## #...# #+##
###.# ######### #.#
........# #.# .#...#..#
#.#


You could see a killer bee.

Vanquished Creatures
  Menkaure (D:4)
  An orc warrior (D:6)
  A sky beast (D:6)
  An ice beast (D:5)
  3 ogres
  A phantom (D:4)
  A bullfrog (D:7)
  A gnoll sergeant (D:6)
  A scorpion (D:4)
  5 killer bees (D:7)
  5 wights
  4 howler monkeys
  3 crimson imps (D:6)
  2 centaur zombies
  2 jellies (D:6)
  A bullfrog zombie (D:6)
  2 hounds
  A bullfrog skeleton (D:4)
  A centaur skeleton (D:7)
  A gnoll shaman (D:3)
  An iguana (D:3)
  3 orc wizards
  A worker ant (D:6)
  A hound skeleton (D:4)
  8 gnolls
  8 adders
  A shadow imp (D:6)
  An adder skeleton (D:6)
  2 dart slugs (D:1)
  7 leopard geckos
  10 orcs
  4 ball pythons
  2 bat zombies (D:2)
  5 giant cockroaches
  3 goblins (D:1)
  8 hobgoblins
  14 jackals
  4 kobolds
  3 quokkas
  5 bats
  4 frilled lizards
  A leopard gecko skeleton (D:4)
  8 rats
  A rat zombie (D:2)
143 creatures vanquished.

Notes
Turn   | Place    | Note
-------+----------+-------------------------------------------
     0 | Abyss:1  | Blackhawk the Formicid Abyssal Knight began the quest for
                  | the Orb.
     0 | Abyss:1  | Reached XP level 1. HP: 18/18 MP: 2/2
    50 | Abyss:1  | Noticed a starcursed mass
    88 | Abyss:1  | Noticed a large abomination
    92 | D:1      | Escaped the Abyss
   294 | D:1      | Reached skill level 1 in Dodging
   401 | D:1      | Reached XP level 2. HP: 24/24 MP: 3/3
   527 | D:1      | Reached * piety under Lugonu
   822 | D:1      | Reached XP level 3. HP: 27/29 MP: 4/4
  1576 | D:2      | Reached XP level 4. HP: 34/37 MP: 6/6
  1961 | D:2      | Found an ancient bone altar of Kikubaaqudgha.
  2613 | D:3      | Reached XP level 5. HP: 41/42 MP: 7/7
  2705 | D:3      | Found a faded altar of an unknown god.
  2753 | D:3      | Reached ** piety under Lugonu
  3387 | D:4      | Reached XP level 6. HP: 41/49 MP: 8/8
  4310 | D:4      | Found a glowing golden altar of the Shining One.
  4447 | D:4      | Found Buenejae's General Store.
  4447 | D:4      | Noticed an ogre
  4456 | D:4      | Killed an ogre
  4456 | D:4      | Reached XP level 7. HP: 35/55 MP: 10/10
  4630 | D:4      | Found a shadowy altar of Dithmenos.
  4630 | D:4      | Noticed Menkaure
  4641 | D:4      | Killed Menkaure
  4681 | D:4      | Reached skill level 5 in Fighting
  4827 | D:4      | Found a runed door.
  4828 | D:4      | Noticed TheGoonsmith's ghost (amateur DsGl)
  5107 | D:4      | Reached XP level 8. HP: 11/62 MP: 11/11
  5583 | D:4      | Reached skill level 5 in Invocations
  5865 | D:5      | Entered Level 5 of the Dungeon
  6214 | D:5      | Reached skill level 5 in Armour
  7160 | D:6      | Reached skill level 5 in Axes
  7320 | D:6      | Reached XP level 9. HP: 69/69 MP: 13/13
  7464 | D:6      | Reached *** piety under Lugonu
  7989 | D:6      | Found a shimmering altar of Xom.
  7989 | D:6      | Found a shimmering altar of Xom.
  7990 | D:6      | Found a shimmering altar of Xom.
  7990 | D:6      | Found a shimmering altar of Xom.
  7990 | D:6      | Found a shimmering altar of Xom.
  8472 | D:7      | Found a staircase to the Ecumenical Temple.
  8573 | D:7      | Found a blossoming altar of Fedhas.
  8713 | D:7      | Slain by a killer bee

Vault maps used:
D:1:      dpeg_arrival_leaves_temple_mockup
D:2:      lemuel_zombie_altar_kikubaaqudgha
D:3:      chequers_ecumenical_altar_simple, minmay_stone_trees_medium,
          minmay_misc_feat_room, grunt_ministairs_3
D:4:      lemuel_crystal_altar, gammafunk_ghost_grave, serial_shops, shop,
          chequers_serial_rivers_small_a, grunt_dithmenos_shadows, uniq_menkaure
D:5:      first_ration
D:6:      xom_redecorated, moated_statue, minivault_23, hex_tiny
D:7:      lemuel_coloured_pillars_altar, minmay_temple_entry_slanted,
          ebering_ghost_xom, the_bakery
Abyss:1:  gammafunk_corrupted_shrine

Skill      XL: |  1  2  3  4  5  6  7  8  9 |
---------------+----------------------------+-----
Dodging        | 1 2 3 4 |  4.9
Invocations    | 3 4 5 6 |  6.8
Armour         | 3 4 5 6 |  6.3
Fighting       | 4 5 6 |  6.8
Axes           | 3 4 5 |  5.8

Action                   |  1- 3 |  4- 6 |  7- 9 || total
-------------------------+-------+-------+-------++-------
Melee: Hand axe          |   106 |   245 |   296 ||   647
       Battleaxe         |       |       |   132 ||   132
Invok: Depart the Abyss  |     1 |       |       ||     1
  Use: Potion            |       |     2 |     1 ||     3
       Scroll            |       |       |    19 ||    19
  Eat: Chunk             |     2 |     6 |    14 ||    22
       Ration            |       |     1 |       ||     1
Armor: Plate armour      |    90 |   224 |   314 ||   628
Dodge: Dodged            |    28 |    75 |   192 ||   295

Table legend:
 A = Non-vault XP
 B = Vault XP
 C = Vault XP percentage of total XP
 D = Non-vault monster count
 E = Vault monster count
 F = Vault count percentage of total count
                 A         B        C        D         E       F
            +---------+---------+-------+---------+---------+-------
      Total |    2980 |     302 |   9.2 |     136 |       7 |   4.9
            +---------+---------+-------+---------+---------+-------
        D:1 |      43 |       0 |   0.0 |      22 |       0 |   0.0
        D:2 |      76 |       5 |   6.2 |      19 |       3 |  13.6
        D:3 |     245 |       5 |   2.0 |      27 |       2 |   6.9
        D:4 |     514 |     292 |  36.2 |      16 |       2 |  11.1
        D:5 |     456 |       0 |   0.0 |      14 |       0 |   0.0
        D:6 |    1101 |       0 |   0.0 |      29 |       0 |   0.0
        D:7 |     545 |       0 |   0.0 |       9 |       0 |   0.0
            +---------+---------+-------+---------+---------+-------
